 Dungeon Crawl Stone Soup version 0.20.0 (webtiles) character file.

2427 Firecrotchwizard the Fighter (level 9, -3/147 HPs)
             Began as an Ogre Berserker on May 26, 2017.
             Was an Elder of Trog.
             Slain by a killer bee (6 damage)
             ... on level 8 of the Dungeon.
             The game lasted 00:17:18 (10567 turns).

Firecrotchwizard the Fighter (Ogre Berserker)      Turns: 10567, Time: 00:17:19

Health: -3/147     AC:  4    Str: 28    XL:     9   Next: 48%
Magic:  9/9        EV: 12    Int: 12    God:    Trog [****..]
Gold:   622        SH:  0    Dex: 11    Spells: 8/8 levels left

rFire    . . .     SeeInvis .   E - +4 flail "Ofag" {venom, rPois MR+ Int+4}
rCold    . . .     Gourm    .   (no shield)
rNeg     . . .     Faith    +   o - +1 animal skin
rPois    +         Spirit   .   (helmet restricted)
rElec    .         Reflect  .   (no cloak)
rCorr    +         Harm     .   (gloves unavailable)
MR       +++..                  (boots unavailable)
Stlth    ..........             n - amulet of faith
Regen    1.4/turn               i - ring of stealth
MPRegen  0.2/turn               K - ring of resist corrosion

@: berserking, regenerating, very quick
A: unfitting armour, tough skin 1
a: Berserk, Trog's Hand, Brothers in Arms, Burn Spellbooks, Renounce Religion


You were on level 8 of the Dungeon.
You worshipped Trog.
Trog was greatly pleased with you.
You were near starving.

You visited 1 branch of the dungeon, and saw 8 of its levels.

You collected 622 gold pieces.

Inventory:

Hand Weapons
 a - a +0 morningstar
 b - a +0 hunting sling
 w - a +0 mace
 A - a +0 giant spiked club
 E - the +4 flail "Ofag" (weapon) {venom, rPois MR+ Int+4}
   (You took it off a centaur on level 7 of the Dungeon)

   It poisons the flesh of those it strikes.
   It affects your intelligence (+4).
   It protects you from poison.
   It affects your resistance to hostile enchantments.
 N - the +4 quarterstaff of Beyond {elec, Int+4}
   (You found it on level 7 of the Dungeon)

   Occasionally, upon striking a foe, it will discharge some electrical energy
   and cause terrible harm.
   It affects your intelligence (+4).
Missiles
 p - 6 tomahawks (quivered)
 q - 42 sling bullets
Armour
 o - a +1 animal skin (worn)
Jewellery
 i - a ring of stealth (left hand)
 n - an amulet of faith (around neck)
 K - a ring of resist corrosion (right hand)
Wands
 g - a wand of clouds (5/9)
 y - a wand of iceblast (7/15)
 z - a wand of random effects (29/48)
 B - a wand of flame (20/48)
 C - a wand of random effects (17/48)
 D - a wand of flame (25/48)
Scrolls
 e - 3 scrolls of remove curse
 m - 5 scrolls of identify
 r - a scroll of teleportation
 u - 2 scrolls of immolation
 v - a scroll of enchant armour
 x - a scroll of blinking
 H - a scroll of fear {unknown}
 I - 2 scrolls of enchant weapon {unknown}
 J - 2 scrolls of amnesia {unknown}
 M - a scroll of magic mapping {unknown}
Potions
 f - a potion of cancellation {unknown}
 j - a potion of heal wounds {unknown}
 k - 3 potions of curing
 l - a potion of haste {unknown}
 G - a potion of mutation {unknown}
 L - a potion of agility {unknown}
Books
 s - a book of Cantrips

   Spells                             Type                      Level
   a - Confusing Touch                Hexes                        1
   b - Animate Skeleton               Necromancy                   1
   c - Summon Small Mammal            Summoning                    1
   d - Apportation                    Translocation                1
   Trog disapproves of the use of such an item.
Comestibles
 c - 4 bread rations
 d - 15 chunks of flesh
 h - 2 fruits
 t - 3 meat rations
 F - 2 royal jellies


   Skills:
 + Level 9.1 Fighting
 * Level 8.6 Maces & Flails
 + Level 6.3 Dodging


You had 8 spell levels left.
You didn't know any spells.

Dungeon Overview and Level Annotations

Branches:
Dungeon (8/15)             Temple (0/1) D:6
   Lair: D:8-11

Altars:
Vehumet

Shops:
D:6 *


Innate Abilities, Weirdness & Mutations

You are too large for most types of armour.
You have tough skin. (AC +1)


Message History

You sock the killer bee!
The killer bee is heavily wounded.
The killer bee stings you!
* * * LOW HITPOINT WARNING * * *
The kobold barely misses you.
A kobold comes into view.
You closely miss the killer bee.
The killer bee is heavily wounded.
The killer bee barely misses you.
You barely miss the killer bee.
The killer bee is heavily wounded.
The killer bee stings you.
* * * LOW HITPOINT WARNING * * *
The kobold moves out of view.
The kobold closely misses you.
You miss the killer bee.
The killer bee is heavily wounded.
The killer bee stings you.
* * * LOW HITPOINT WARNING * * *
The killer bee stings you.
You die...

#. #. #.#.# #.# ... #.
########...# #.#
...#.##...... ... #.# #
....K....#.# #.## #.#
#...##.....#.###..# #.#
K...K...........#)###.#
#.######K......รท))....#
#K######.##)#<.# #@#
.........#.# #y#
####........# .O#
###.#.#..# ...# #.#.#..#
....# #.#.#..# .....#
#.#.#..# .....##
#.#.#..# .###.. ...#


You could see a big kobold, an ogre, a killer bee and 2 kobolds.

Vanquished Creatures
  The ghost of Rufus the Skirmisher, an amateur NaFi (D:3)
  2 phantoms
  2 ogres
  4 centaurs
  3 bullfrogs (D:6)
  2 scorpions
  5 killer bees (D:8)
  A crimson imp (D:5)
  A bullfrog zombie (D:6)
  3 jellies
  4 hounds
  An orc priest (D:4)
  11 orc wizards
  A centaur skeleton (D:7)
  A bullfrog skeleton (D:6)
  A gnoll shaman (D:5)
  2 worker ants
  2 iguanas
  A worker ant zombie (D:5)
  12 adders
  5 gnolls (D:5)
  A howler monkey skeleton (D:7)
  A shadow imp (D:6)
  An ooze (D:5)
  A worm (D:3)
  4 dart slugs
  8 leopard geckos
  27 orcs
  2 ball pythons
  9 bats
  11 giant cockroaches
  3 goblins
  4 hobgoblins
  10 jackals
  3 quokkas (D:6)
  4 frilled lizards
  4 kobolds
  A leopard gecko zombie (D:5)
  5 quokka skeletons
  6 rats
170 creatures vanquished.

Notes
Turn   | Place    | Note
-------+----------+-------------------------------------------
     0 | D:1      | Firecrotchwizard the Ogre Berserker began the quest for the Orb.
     0 | D:1      | Reached XP level 1. HP: 24/24 MP: 1/1
   151 | D:1      | Reached XP level 2. HP: 33/33 MP: 2/2
   203 | D:1      | You fall through a shaft!
   576 | D:1      | Reached XP level 3. HP: 40/40 MP: 3/3
  1695 | D:2      | Reached ** piety under Trog
  2214 | D:3      | Reached XP level 4. HP: 11/49 MP: 4/4
  2446 | D:3      | Noticed Rufus's ghost (amateur NaFi)
  3366 | D:3      | Reached skill level 5 in Fighting
  3651 | D:3      | Killed Rufus's ghost
  3651 | D:3      | Reached XP level 5. HP: 17/58 MP: 5/5
  3651 | D:3      | Reached XP level 6. HP: 19/66 MP: 6/6
  4644 | D:4      | Reached skill level 5 in Maces & Flails
  4645 | D:4      | Reached skill level 6 in Fighting
  5172 | D:4      | Reached XP level 7. HP: 20/75 MP: 7/7
  5539 | D:5      | Entered Level 5 of the Dungeon
  6535 | D:5      | HP: 1/76 [something (16)]
  7027 | D:5      | Reached XP level 8. HP: 74/84 MP: 8/8
  7121 | D:5      | Reached *** piety under Trog
  7121 | D:5      | Reached skill level 7 in Fighting
  7963 | D:6      | Reached skill level 5 in Dodging
  8052 | D:6      | Found Muats's Assorted Antiques.
  8296 | D:6      | Found a staircase to the Ecumenical Temple.
  8404 | D:6      | Found a radiant altar of Vehumet.
  8906 | D:6      | Reached skill level 8 in Fighting
  9158 | D:7      | Got an ichor-stained flail {venom}
  9159 | D:7      | Identified the +4 flail "Ofag" {venom, rPois MR+ Int+4} (You took it off a centaur on level 7 of the Dungeon)
  9395 | D:7      | Reached **** piety under Trog
  9436 | D:7      | Got a crude quarterstaff
  9437 | D:7      | Identified the +4 quarterstaff of Beyond {elec, Int+4} (You found it on level 7 of the Dungeon)
  9447 | D:7      | Identified a scroll of acquirement
  9591 | D:7      | Reached XP level 9. HP: 72/97 MP: 9/9
 10556 | D:8      | Reached skill level 9 in Fighting
 10566 | D:8      | HP: 4/147 [killer bee (6)]
 10567 | D:8      | Slain by a killer bee

Skill      XL: |  1  2  3  4  5  6  7  8  9 |
---------------+----------------------------+-----
Maces & Flails | 3 4 5 6 7 8 |  8.6
Dodging        | 3 4 5 6 |  6.3
Fighting       | 5 6 8 9 |  9.1

Action                   |  1- 3 |  4- 6 |  7- 9 || total
-------------------------+-------+-------+-------++-------
Melee: Mace              |   119 |    95 |       ||   214
       Morningstar       |       |    32 |   147 ||   179
       Giant spiked club |       |       |    89 ||    89
       Flail             |       |       |    92 ||    92
 Fire: Hunting sling     |       |    35 |     4 ||    39
Throw: Tomahawk          |       |     1 |       ||     1
Invok: Berserk           |       |     1 |     1 ||     2
       Trog's Hand       |       |       |     5 ||     5
       Burn Spellbooks   |       |       |     3 ||     3
  Use: Scroll            |       |     2 |     9 ||    11
 Stab: Sleeping          |     5 |     5 |     4 ||    14
       Distracted        |       |       |     1 ||     1
  Eat: Chunk             |     3 |     9 |    17 ||    29
       Royal jelly       |       |     1 |     1 ||     2
Armor: Animal skin       |    51 |    36 |    71 ||   158
Dodge: Dodged            |    73 |    92 |   249 ||   414
